 Dungeon Crawl Stone Soup version 0.18-a0-902-g8738618 (webtiles) character file.

30 Jmtri7 the Charlatan (level 3, -19/26 HPs)
             Began as a Formicid Artificer on Dec 25, 2015.
             Demolished by a hill giant
             ... wielding a +0 giant club
              (24 damage)
             ... on level 14 of the Dungeon.
             The game lasted 00:01:52 (249 turns).

Jmtri7 the Charlatan (Formicid Artificer)            Turns: 249, Time: 00:01:52

Health: -19/26     AC:  3    Str: 16    XL:     3   Next: 37%
Magic:  6/6        EV: 11    Int: 11    God:
Gold:   0          SH:  0    Dex: 11    Spells: 0 memorised, 2 levels left

rFire  . . .     SeeInvis +     a - +0 short sword
rCold  . . .     Gourm    .     b - +0 leather armour
rNeg   . . .     Faith    .     (no shield)
rPois  .         Spirit   .     (helmet unavailable)
rElec  .         Dismiss  .     (no cloak)
rCorr  .         Reflect  .     (no gloves)
SustAt .         Harm     .     (no boots)
MR     .....                    (no amulet)
Stlth  +.........               (no ring)
                                (no ring)

@: not resistant to hostile enchantments, very unstealthy
A: permanent stasis, dig shafts and tunnels, four strong arms, antennae 3
a: Dig, Shaft Self


You were on level 14 of the Dungeon.
You were not hungry.

You visited 1 branch of the dungeon, and saw 7 of its levels.

Inventory:

Hand Weapons
 a - a +0 short sword (weapon)
Armour
 b - a +0 leather armour (worn)
Wands
 c - a wand of flame (15/48)
 d - a wand of enslavement (3/24)
 e - a wand of random effects (15/48)
Scrolls
 g - a scroll of teleportation {unknown}
Comestibles
 f - 3 bread rations
 h - 7 slices of pizza
 i - 2 beef jerkies


   Skills:
 - Level 1.1 Fighting
 - Level 1.0 Short Blades
 - Level 1.7 Dodging
 - Level 1.2 Stealth
 + Level 4.6 Evocations


You had 2 spell levels left.
You didn't know any spells.

Dungeon Overview and Level Annotations

Branches:
Dungeon (8/15)
 Temple: D:4-7         Lair: D:8-11

Altars:
Qazlal
Xom

Annotations:
D:11 Maud


Innate Abilities, Weirdness & Mutations

You are under a permanent stasis effect.
You can dig through walls and to a lower floor.
Your four strong arms can wield two-handed weapons with a shield.
You have a pair of large antennae on your head (SInv).


Message History

The hill giant hits your gargoyle with a giant club!
Your gargoyle hits the hill giant but does no damage.
Zapping:
d - a wand of enslavement (5/24)
Press: ? - help, Shift-Dir - straight line, f/p - hippogriff
Aim: a hippogriff (chance to defeat MR: 55%)
The hippogriff is charmed.
This wand has 4 charges left.
The hill giant hits your hippogriff with a giant club!
The hill giant hits your gargoyle with a giant club!
Your gargoyle is destroyed!
Your hippogriff bites the hill giant!
Your hippogriff pecks the hill giant but does no damage.
Your hippogriff claws the hill giant but does no damage.
Zapping:
d - a wand of enslavement (4/24)
Press: ? - help, Shift-Dir - straight line, f - hill giant, p - hippogriff
Aim: a hill giant, wielding a giant club (lightly wounded, chance to defeat MR: 37%)
The hill giant resists with some effort.
This wand has 3 charges left.
The hill giant hits you with a giant club!!
Ouch! That really hurt!
You die...

############
#..@........
#...C.......
#.(.CH.......
#............
............/.
...............
.........########
......#..#
###+#.#..#


You could see 2 hill giants and a friendly hippogriff.

Vanquished Creatures (others)
  A gargoyle (D:14)
  A hog (D:8)
  A human (D:8)
  A sheep (D:8)
4 creatures vanquished.

Notes
Turn   | Place    | Note
--------------------------------------------------------------
     0 | D:1      | Jmtri7 the Formicid Artificer began the quest for the Orb.
     0 | D:1      | Reached XP level 1. HP: 15/15 MP: 3/3
     4 | D:1      | You fall through a shaft!
     4 | D:2      | Found a shimmering altar of Xom.
     9 | D:2      | You fall through a shaft!
     9 | D:3      | Found a stormy altar of Qazlal.
    20 | D:3      | You fall through a shaft for 3 floors!
    23 | D:6      | You fall through a shaft for 2 floors!
   197 | D:8      | Noticed a human
   198 | D:8      | Noticed a hog
   216 | D:8      | Reached skill level 4 in Evocations
   216 | D:8      | Reached XP level 2. HP: 8/21 MP: 5/5
   219 | D:8      | Reached XP level 3. HP: 11/26 MP: 6/6
   235 | D:8      | You fall through a shaft for 3 floors!
   235 | D:11     | Noticed Maud
   238 | D:11     | You fall through a shaft for 3 floors!
   238 | D:14     | Noticed a gargoyle
   240 | D:14     | Noticed a hippogriff
   241 | D:14     | Noticed a hill giant
   241 | D:14     | Noticed a hill giant
   249 | D:14     | Demolished by a hill giant

Vault maps used:
D:1:      ncdulo_halloftheorcs, due_unseen_surprise
D:2:      old_standard_altar
D:3:      grunt_qazlal_sundering, grunt_pakellas_sulfur,
          minmay_shallow_snake_nest
D:6:      grunt_temple_overflow_bloody_war, minmay_temple_entry_grid,
          serial_shops, shop, uniq_edmund, uniq_grinder
D:8:      grunt_livestock
D:11:     serial_shops, shop, kennysheep_generic_room_7, uniq_erica, uniq_maud
D:14:     lightli_vaults_fourway_checkpoint, lab_entry_generic

Action                   || total
-------------------------++-------
Melee: Short sword       ||     1
 Abil: Shaft Self        ||     6
Evoke: Wand              ||    12
